 Dungeon Crawl Stone Soup version 0.30-a0-948-g4fa250aae5 (webtiles) character file.

Game seed: 16860669470261752098

548 cheesebisquit the Ruffian (level 7, -8/66 HPs)
             Began as a Troll Fighter on Mar 26, 2023.
             Mangled by Pikel
             ... wielding a +2 whip of electrocution
              (16 damage)
             ... on level 4 of the Dungeon.
             The game lasted 00:11:34 (2871 turns).

cheesebisquit the Ruffian (Troll Fighter)           Turns: 2871, Time: 00:11:34

Health: -8/66      AC:  4    Str: 27    XL:     7   Next: 7%
Magic:  6/6        EV: 13    Int: 10    God:
Gold:   80         SH:  7    Dex:  9    Spells: 6/6 levels left

rFire   . . .      SeeInvis .      - Unarmed
rCold   . . .      Faith    .    b - +0 kite shield
rNeg    . . .      Spirit   .    a - +0 robe
rPois   .          Reflect  .    (helmet restricted)
rElec   .          Rampage  .    (no cloak)
rCorr   .                        (gloves unavailable)
Will    .....                    (boots unavailable)
Stlth   +                        q - amulet of the acrobat
HPRegen 1.11/turn                f - +6 ring of intelligence
MPRegen 0.10/turn                o - +5 ring of evasion

@: no status effects
A: large, unfitting armour, claws 3, regeneration 1, shaggy fur 1, tough skin 1
a: no special abilities


You were on level 4 of the Dungeon.
You visited 2 branches of the dungeon, and saw 5 of its levels.

You collected 80 gold pieces.

Inventory:

Missiles
 s - 2 throwing nets (quivered)
Armour
 a - a +0 robe (worn)
 b - a +0 kite shield (worn)
Jewellery
 f - a +6 ring of intelligence (left claw)
 o - a +5 ring of evasion (right claw)
 q - an amulet of the acrobat (around neck)
Scrolls
 c - a scroll of magic mapping {unknown}
 h - a scroll of enchant weapon {unknown}
 i - a scroll of vulnerability {unknown}
 j - a scroll of teleportation {unknown}
 k - a scroll of fear {unknown}
 l - a scroll of poison {unknown}
Potions
 d - a potion of mutation
 e - a potion of heal wounds
 g - a potion of degeneration {unknown}
 m - a potion of ambrosia {unknown}
 n - a potion of haste {unknown}
 p - a potion of lignification {unknown}
 r - 2 potions of brilliance {unknown}


   Skills:
 - Level 2.4 Fighting
 - Level 2.4 Dodging
 - Level 2.6 Shields
 + Level 7.8 Unarmed Combat


You had 6 spell levels left.
You didn't know any spells.
Your spell library contained the following spells:

 Spells                   Type           Power      Damage    Failure   Level
 Blink                    Tloc           0%         N/A       80%         2
 Dazzling Flash           Conj/Hex       0%         N/A       95%         3
 Iskenderun's Mystic Bla  Conj/Tloc      0%         2d3       100%        4
 Manifold Assault         Tloc           0%         N/A       100%        4
 Starburst                Conj/Fire      0%         6d3       100%        6
 Storm Form               Tmut/Air       0%         N/A       100%        7


Dungeon Overview and Level Annotations

Branches:
Dungeon (4/15)             Temple (1/1) D:4

Altars:
Dithmenos
Elyvilon
Hepliaklqana
Kikubaaqudgha
Makhleb
Nemelex Xobeh
Okawaru
Qazlal
Ru
Trog
Uskayaw
Wu Jian
Yredelemnul

Shops:
D:2 !

Annotations:
D:4 Pikel


Innate Abilities, Weirdness & Mutations

You are too large for most types of armour.
You have claws for hands.
Your natural rate of healing is unusually fast.
You are covered in fur. (AC +1)
You have tough skin. (AC +1)


Message History

Pikel is moderately wounded.
You block Pikel's attack.
You claw Pikel!
Pikel is severely wounded.
Pikel hits you with a +2 whip of electrocution!
You are electrocuted!!
You scratch Pikel.
Pikel is severely wounded.
Pikel barely misses you.
You closely miss Pikel.
Pikel is severely wounded.
Pikel hits you with a +2 whip of electrocution.
You completely miss Pikel.
Pikel is severely wounded.
Pikel hits you with a +2 whip of electrocution.
You are electrocuted!
* * * LOW HITPOINT WARNING * * *
You claw Pikel!
Pikel is almost dead.
Pikel barely misses you.
You scratch Pikel but do no damage.
Pikel is almost dead.
Pikel closely misses you.
You scratch Pikel.
Pikel is almost dead.
Pikel closely misses you.
You barely miss Pikel.
Pikel is almost dead.
Pikel hits you with a +2 whip of electrocution.
* * * LOW HITPOINT WARNING * * *
You scratch Pikel but do no damage.
Pikel is almost dead.
Pikel hits you with a +2 whip of electrocution.
* * * LOW HITPOINT WARNING * * *
You barely miss Pikel.
Pikel is almost dead.
Pikel hits you with a +2 whip of electrocution!
* * * LOW HITPOINT WARNING * * *
You are electrocuted!
You die...

#.##.#..##
#.##.##..####
..##(##.....#
#..##.##.P.P.#
### #.[...>..#
###..P.P.#
#######.....#
.........#####.#
#######....@K55#
##5####### #.#
..# ####


You could see Pikel and 3 lemures.

Vanquished Creatures
  Grinder (D:3)
  An ogre (D:4)
  A lemure (D:4)
  2 hounds (D:4)
  An iguana (D:4)
  7 adders
  7 gnolls
  A dart slug (D:2)
  5 orcs (D:3)
  4 ball pythons
  6 endoplasms
  A giant cockroach (D:4)
  4 goblins
  6 hobgoblins
  4 kobolds
  3 quokkas
  8 bats
  2 frilled lizards
  6 rats
70 creatures vanquished.

Notes
Turn   | Place    | Note
-------+----------+-------------------------------------------
     0 | D:1      | cheesebisquit the Troll Fighter began the quest for the
                  | Orb.
     0 | D:1      | Reached XP level 1. HP: 22/22 MP: 0/0
   297 | D:1      | Found a faded altar of an unknown god.
   508 | D:1      | Reached XP level 2. HP: 29/29 MP: 1/1
   606 | D:1      | Reached skill level 3 in Unarmed Combat
   951 | D:2      | Reached XP level 3. HP: 36/36 MP: 2/2
  1073 | D:2      | Found Vompab's Distillery.
  1110 | D:2      | Reached skill level 4 in Unarmed Combat
  1161 | D:2      | Reached XP level 4. HP: 42/44 MP: 3/3
  1556 | D:3      | Found a white marble altar of Elyvilon.
  1775 | D:3      | Reached skill level 5 in Unarmed Combat
  1911 | D:3      | Noticed Grinder
  1933 | D:3      | Killed Grinder
  1934 | D:3      | Reached skill level 6 in Unarmed Combat
  1934 | D:3      | Reached XP level 5. HP: 50/50 MP: 4/4
  1934 | D:3      | Reached XP level 6. HP: 59/59 MP: 5/5
  2572 | D:4      | Found an ancient bone altar of Kikubaaqudgha.
  2644 | D:4      | Reached skill level 7 in Unarmed Combat
  2723 | D:4      | Reached XP level 7. HP: 66/66 MP: 6/6
  2786 | D:4      | Found a staircase to the Ecumenical Temple.
  2795 | Temple   | Entered the Ecumenical Temple
  2851 | D:4      | Noticed Pikel
  2871 | D:4      | Mangled by Pikel

Illustrated notes

Levels and vault maps discovered:
D:1:      dpeg_arrival_fog, layout_basic, ebering_ecumenical_altar_rust
D:2:      layout_basic, serial_shops, nicolae_shop_crystal,
          corexii_hall_statues_s
D:3:      layout_basic, mainiacjoe_overflow_six_doors_small,
          minmay_shallow_snake_nest, uniq_grinder
D:4:      layout_loops_ring, nicolae_overflow_hidden_temple,
          minmay_temple_entry_trees, uniq_pikel
Temple:   hellmonk_temple_of_storms

Skill      XL: |  1  2  3  4  5  6 |
---------------+-------------------+-----
Unarmed Combat | 3 4 6 7 |  7.8
Fighting       | |  2.4
Dodging        | |  2.4
Shields        | |  2.6

Action                     |  1- 3 |  4- 6 |  7- 9 || total
---------------------------+-------+-------+-------++-------
  Melee: Unarmed           |    84 |    88 |    34 ||   206
  Throw: Throwing net      |     2 |       |       ||     2
         Stone             |     8 |     5 |       ||    13
    Use: Potion            |       |     1 |     1 ||     2
         Scroll            |       |     2 |       ||     2
   Stab: Sleeping          |     2 |       |       ||     2
 Armour: Robe              |    32 |    11 |     3 ||    46
  Dodge: Dodged            |    30 |    41 |    11 ||    82
  Block: Kite shield       |    24 |    34 |     4 ||    62

Table legend: (Time is in decaauts)
 A = Elapsed time spent in this place.
 B = Non-inter-level travel time spent in this place.
 C = Inter-level travel time spent in this place.
 D = Time resting spent in this place.
 E = Time spent auto-exploring this place.
 F = Levels seen in this place.
 G = Mean time per level.
                   A        B        C        D        E       F      G
               +--------+--------+--------+--------+--------+-----+--------+
         Total |   2881 |   2569 |    312 |     19 |   1956 |   5 |  576.2 |
       Dungeon |   2840 |   2534 |    306 |     19 |   1932 |   4 |  710.0 |
        Temple |     40 |     34 |      6 |      0 |     24 |   1 |   40.0 |
               +--------+--------+--------+--------+--------+-----+--------+

Top non-repeatable levels by time:
     D:1: 1012 daAuts
     D:3: 981 daAuts
     D:2: 584 daAuts
     D:4: 260 daAuts
  Temple: 40 daAuts
